 Dungeon Crawl Stone Soup version 0.20-a0-535-gc09f9e6 (console) character file.

53 vogonpoet the Poker (level 3, -1/37 HPs)
             Began as an Ogre Warper on Jan 27, 2017.
             Slain by an adder (3 damage)
             ... on level 1 of the Dungeon.
             The game lasted 00:03:36 (1592 turns).

vogonpoet the Poker (Ogre Warper)                   Turns: 1592, Time: 00:03:36

Health: -1/37      AC:  3    Str: 20    XL:     3   Next: 87%
Magic:  4/6        EV: 15    Int: 15    God:
Gold:   65         SH:  0    Dex: 13    Spells: 2/6 levels left

rFire    . . .     SeeInvis .   i - +0 whip (venom)
rCold    . . .     Gourm    .   b - +0 robe
rNeg     . . .     Faith    .   (no shield)
rPois    .         Spirit   .   (helmet restricted)
rElec    .         Reflect  .   (no cloak)
rCorr    .         Harm     .   (gloves unavailable)
MR       .....                  (boots unavailable)
Stlth    ++........             (no amulet)
Regen    0.2/turn               (no ring)
                                (no ring)

@: mighty, agile, lethally poisoned (-1 -> -7), flying, very slightly
contaminated
A: unfitting armour, tough skin 1
a: no special abilities


You were on level 1 of the Dungeon.
You were hungry.

You visited 1 branch of the dungeon, and saw 2 of its levels.

You collected 65 gold pieces.

Inventory:

Hand Weapons
 a - a +0 spear
 i - a +0 whip of venom (weapon)
Missiles
 e - 5 tomahawks of dispersal (quivered)
Armour
 b - a +0 robe (worn)
Jewellery
 m - a +3 ring of intelligence {unknown}
Scrolls
 d - 2 scrolls of blinking
 j - 2 scrolls of identify {unknown}
 l - a scroll of immolation {unknown}
 n - a scroll of recharging {unknown}
Potions
 q - a potion of curing {unknown}
Books
 c - a book of Spatial Translocations

   Spells                             Type                      Level
   a - Blink                          Translocation                2
   b - Shroud of Golubria             Charms/Translocation         2
   c - Lesser Beckoning               Translocation                3
   d - Portal Projectile              Translocation                3
   e - Teleport Other                 Translocation                3
   f - Passage of Golubria            Translocation                4
Comestibles
 f - 2 bread rations
 h - a chunk of flesh
 o - 4 fruits


   Skills:
 + Level 3.4 Fighting
 * Level 3.7 Polearms
 - Level 1.0 Throwing
 - Level 2.1 Dodging
 - Level 2.4 Spellcasting
 - Level 2.6 Translocations


You had 2 spell levels left.
You knew the following spells:

 Your Spells              Type           Power        Failure   Level  Hunger
a - Shroud of Golubria    Chrm/Tloc      #.........   21%         2    ###....
b - Blink                 Tloc           N/A          12%         2    ###....


Dungeon Overview and Level Annotations

Branches:
Dungeon (2/15)

Altars:


Innate Abilities, Weirdness & Mutations

You are too large for most types of armour.
You have tough skin. (AC +1)


Message History

* * * LOW HITPOINT WARNING * * *
You barely miss the adder.
The adder is lightly wounded.
The adder bites you.
* * * LOW HITPOINT WARNING * * *
You are more poisoned.
The adder poisons you! The adder bites you but does no damage.
It was a potion of flight.
You feel very buoyant.
You fly up into the air.
* * * LOW HITPOINT WARNING * * *
You feel sick. The adder barely misses you.
It was a potion of agility.
You feel agile all of a sudden.
* * * LOW HITPOINT WARNING * * *
You feel sick. The adder misses you. The adder closely misses you.
It was a potion of might.
You feel very mighty all of a sudden. The adder bites you.
You die...

############### #.........รท...#
#.###########.#
##.#####...###.###
......##.........#
#####.##...###.#g# #.###.## #.#S#
#.....# #.#@# # ####### #.#.# ##
###.#.# .## #...#.# #.#####
#.###.########
#.....######.###........#########
#.###...........(................
.#...........##########...#######
##.###.......#########.....# #


You could see an adder and a hobgoblin.

Vanquished Creatures
  An adder (D:2)
  A worm (D:2)
  A dart slug (D:1)
  A leopard gecko (D:2)
  5 bats
  A giant cockroach (D:1)
  6 goblins
  2 hobgoblins (D:1)
  4 jackals (D:1)
  4 frilled lizards
  4 kobolds
  7 rats
37 creatures vanquished.

Notes
Turn   | Place    | Note
-------+----------+-------------------------------------------
     0 | D:1      | vogonpoet the Ogre Warper began the quest for the Orb.
     0 | D:1      | Reached XP level 1. HP: 22/22 MP: 3/3
   263 | D:1      | Reached XP level 2. HP: 24/29 MP: 5/5
   773 | D:1      | Reached XP level 3. HP: 26/37 MP: 6/6
  1010 | D:1      | Learned a level 2 spell: Blink
  1013 | D:1      | Learned a level 2 spell: Shroud of Golubria
  1592 | D:1      | Slain by an adder

Vault maps used:
D:1:      dpeg_arrival_stone_temple_mockup
D:2:      first_bread

Skill      XL: |  1  2 |
---------------+-------+-----
Fighting       | 3 |  3.4
Polearms       | 3 |  3.7
Throwing       | |  1.0
Dodging        | |  2.1
Spellcasting   | |  2.4
Translocations | |  2.6

Action                   || total
-------------------------++-------
Melee: Spear             ||    23
       Whip              ||   122
 Cast: Shroud of Golubri ||     2
  Use: Potion            ||     3
  Eat: Chunk             ||     2
Armor: Robe              ||    56
Dodge: Dodged            ||   114
